 Dungeon Crawl Stone Soup version 0.31-a0-358-gac0dbeb3ab (webtiles) character file.

Game seed: 6616318899109935935

1805 Locuples the Thaumaturge (level 8, -4/41 HPs)
             Began as a Deep Elf Earth Elementalist on July 26, 2023.
             Was a Follower of Dithmenos.
             Slain by a water moccasin (6 damage)
             ... on level 6 of the Dungeon.
             The game lasted 00:11:53 (4181 turns).

Locuples the Thaumaturge (DEEE)                     Turns: 4181, Time: 00:11:54

Health: -4/41      AC:  7    Str:  5    XL:     8   Next: 84%
Magic:  29/33      EV: 12    Int: 29    God:    Dithmenos [*.....]
Gold:   254        SH:  0    Dex: 15    Spells: 22/28 levels left

rFire   . . .        A - +6 long sword "Pendulum" {flame, Fly Int+6}
rCold   . . .        (no shield)
rNeg    . . .        a - +0 robe
rPois   .            m - +0 helmet
rElec   .            (no cloak)
rCorr   .            (no gloves)
SInv    .            (no boots)
Will    .....        (no amulet)
Stlth   +++          r - +4 ring of protection
HPRegen 0.26/turn    C - ring of magical power
MPRegen 0.23/turn

%: no passive effects
@: flying, wreathed by umbra
A: no striking features
a: Renounce Religion


You were on level 6 of the Dungeon.
You worshipped Dithmenos.
Dithmenos was aware of your devotion.
You visited 2 branches of the dungeon, and saw 7 of its levels.

You collected 254 gold pieces.

Inventory:

Hand Weapons
 A - the +6 long sword "Pendulum" (weapon) {flame, Fly Int+6}
   (You found it on level 5 of the Dungeon)

   Int:       It affects your intelligence (+6).
   Fly:       It grants you flight.
Armour
 a - a +0 robe (worn)
 m - a +0 helmet (worn)
Jewellery
 k - a ring of protection from fire
 p - a ring of ice
 r - a +4 ring of protection (left hand)
 C - a ring of magical power (right hand)
 E - a ring of positive energy
Wands
 y - a wand of charming (8)
 D - a wand of polymorph (10)
Scrolls
 c - 2 scrolls of blinking {unknown}
 e - a scroll of acquirement {unknown}
 f - 2 scrolls of enchant weapon {unknown}
 i - 2 scrolls of noise {unknown}
 j - a scroll of enchant armour {unknown}
 n - 5 scrolls of identify {unknown}
 o - 3 scrolls of fog {unknown}
 t - 2 scrolls of poison {unknown}
 w - a scroll of butterflies {unknown}
 x - a scroll of immolation {unknown}
 z - 2 scrolls of teleportation {unknown}
 B - 2 scrolls of brand weapon {unknown}
Potions
 b - 2 potions of magic
 d - 2 potions of experience {unknown}
 g - 2 potions of haste {unknown}
 h - 2 potions of attraction {unknown}
 l - 2 potions of mutation {unknown}
 q - 2 potions of curing {unknown}
 s - a potion of might {unknown}
 u - 2 potions of invisibility {unknown}
 v - a potion of brilliance {unknown}


   Skills:
 - Level 2.4 Dodging
 + Level 3.2 Stealth
 + Level 10.8 Spellcasting
 + Level 1.2 Transmutations
 + Level 9.4 Earth Magic


You had 22 spell levels left.
You knew the following spells:

 Your Spells              Type           Power      Damage    Failure   Level
a - Sandblast             Erth           100%       2d20      1%          1
b - Passwall              Tmut/Erth      38%        N/A       1%          2
c - Stone Arrow           Conj/Erth      86%        3d12      1%          3

Your spell library contained the following spells:

 Spells                   Type           Power      Damage    Failure   Level
 Petrify                  Tmut/Erth      46%        N/A       3%          4
 Scorch                   Fire           30%        2d6       5%          2
 Gell's Gravitas          Tloc           15%        N/A       11%         3
 Teleport Other           Tloc           15%        N/A       11%         3
 Flame Wave               Conj/Fire      15%        2d7       34%         4
 Dispersal                Tloc           7%         N/A       99%         6
 Summon Cactus Giant      Summ           7%         N/A       99%         6


Dungeon Overview and Level Annotations

Branches:
Dungeon (6/15)             Temple (1/1) D:4

Altars:
Ashenzari
Cheibriados
Dithmenos
Fedhas
Hepliaklqana
Kikubaaqudgha
Makhleb
Nemelex Xobeh
Qazlal
Sif Muna
Trog
Uskayaw
Vehumet
Wu Jian
Yredelemnul
Zin
The Shining One

Shops:
D:4 *


Message History

The gnoll sergeant is severely wounded.
The water moccasin closely misses you. The gnoll sergeant barely misses you.
The water moccasin bites you but does no damage.
The bullfrog barely misses you.
The gnoll sergeant hits you from afar with a +0 trident!
Aiming: Sandblast (safe; 1% risk of failure)
Press: ? - help, Q - select action, (/) - cycle Shift-Dir - straight line, f/p - gnoll sergeant
Aim: a gnoll sergeant, wielding a +0 trident, wearing a +0 scale mail and wearing a +0 buckler (severely wounded, 89% to hit)
The blast of sand hits the bullfrog!!
You kill the bullfrog!
Dithmenos accepts your kill. The water moccasin bites you!
The water moccasin closely misses you. The gnoll sergeant closely misses you.
Aiming: Sandblast (safe; 1% risk of failure)
Press: ? - help, Q - select action, (/) - cycle Shift-Dir - straight line, f/p - gnoll sergeant
Aim: a gnoll sergeant, wielding a +0 trident, wearing a +0 scale mail and wearing a +0 buckler (severely wounded, 89% to hit)
The blast of sand misses the kobold brigand.
The blast of sand hits the gnoll sergeant!
You kill the gnoll sergeant!
Dithmenos accepts your kill. The water moccasin closely misses you.
The kobold brigand hits you with a +0 club.
The water moccasin bites you but does no damage.
The kobold brigand barely misses you. The water moccasin misses you.
Unknown command.
Aiming: Sandblast (safe; 1% risk of failure)
Press: ? - help, Q - select action, (/) - cycle Shift-Dir - straight line, f - kobold brigand
Aim: a kobold brigand, wielding a +0 club and quivering poisoned darts (umbra, 82% to hit)
The blast of sand hits the kobold brigand!
The kobold brigand is severely wounded.
The water moccasin barely misses you.
The kobold brigand hits you with a +0 club.
* * * LOW HITPOINT WARNING * * *
The water moccasin bites you.
* * * LOW HITPOINT WARNING * * *
The water moccasin bites you but does no damage.
The kobold brigand closely misses you.
The kobold brigand attacks as you move away!
The kobold brigand closely misses you. The water moccasin bites you.
You die...

... .# ... #.# #
.. #.# ####
.####.###.# ...###
......)...#
.....###.....†...#
......## #.......#
.####..# ####..KS#
...##..## ####@#
...)#...# ###...#
...)#...# ##.....#
)..÷)...###......#
#####....##..###.#
## #....#...# #.#
.####....#...##..#
.................#
######)###########


You could see a water moccasin and a kobold brigand.

Vanquished Creatures
  Prince Ribbit (D:5)
  Edmund (D:5)
  A water moccasin (D:4)
  A black bear (D:4)
  A centaur (D:5)
  A phantom (D:4)
  Blork the orc (D:5)
  A bullfrog (D:6)
  A gnoll sergeant (D:6)
  5 scorpions
  5 wights (D:6)
  3 hounds
  A gnoll bouda (D:6)
  2 sleepcaps
  An iguana (D:3)
  5 gnolls (D:6)
  7 adders
  3 white imps
  2 ufetubi (D:6)
  2 worms
  3 dart slugs
  4 orcs
  4 ball pythons
  3 bats
  An endoplasm (D:3)
  2 giant cockroaches
  3 goblins
  3 hobgoblins
  5 kobolds
  5 quokkas
  3 frilled lizards
  4 rats
85 creatures vanquished.

Notes
Turn   | Place    | Note
-------+----------+-------------------------------------------
     0 | D:1      | Locuples the Deep Elf Earth Elementalist began the quest
                  | for the Orb.
     0 | D:1      | Reached XP level 1. HP: 10/10 MP: 6/6
   293 | D:1      | Reached XP level 2. HP: 11/15 MP: 3/8
   941 | D:2      | Learned a level 2 spell: Passwall
  1044 | D:2      | Reached XP level 3. HP: 19/19 MP: 7/10
  1115 | D:2      | Found a faded altar of an unknown god.
  1159 | D:2      | Reached skill level 4 in Spellcasting
  1879 | D:3      | Reached XP level 4. HP: 24/24 MP: 9/12
  2253 | D:4      | Noticed a black bear
  2259 | D:4      | Killed a black bear
  2260 | D:4      | Reached skill level 5 in Spellcasting
  2260 | D:4      | Reached skill level 5 in Earth Magic
  2260 | D:4      | Reached XP level 5. HP: 28/28 MP: 9/15
  2333 | D:4      | Reached skill level 6 in Spellcasting
  2429 | D:4      | Found a staircase to the Ecumenical Temple.
  2464 | Temple   | Entered the Ecumenical Temple
  2476 | Temple   | Became a worshipper of Dithmenos the Shadowed
  2509 | D:4      | Reached XP level 6. HP: 32/32 MP: 10/17
  2715 | D:4      | Noticed a water moccasin
  2717 | D:4      | Killed a water moccasin
  2718 | D:4      | Reached skill level 7 in Spellcasting
  2721 | D:4      | Reached XP level 7. HP: 35/36 MP: 10/19
  2772 | D:4      | Found Aqoinkami's Serpentskin Sales.
  2976 | D:5      | Entered Level 5 of the Dungeon
  2994 | D:5      | Noticed Prince Ribbit
  2998 | D:5      | Killed Prince Ribbit
  2999 | D:5      | Reached skill level 8 in Spellcasting
  3064 | D:5      | Identified the +6 long sword "Pendulum" {flame, Fly Int+6}
  3145 | D:5      | Noticed Blork the orc
  3149 | D:5      | Killed Blork the orc
  3193 | D:5      | Found a glowing golden altar of the Shining One.
  3262 | D:5      | Found a sparkling altar of Nemelex Xobeh.
  3368 | D:5      | Noticed Edmund
  3376 | D:5      | Learned a level 3 spell: Stone Arrow
  3477 | D:5      | Killed Edmund
  3478 | D:5      | Reached skill level 9 in Spellcasting
  3478 | D:5      | Reached XP level 8. HP: 15/41 MP: 13/23
  3716 | D:6      | Reached * piety under Dithmenos
  3922 | D:6      | Reached skill level 10 in Spellcasting
  4178 | D:6      | HP: 1/41 [water moccasin (6)]
  4181 | D:6      | Slain by a water moccasin

Illustrated notes

Levels and vault maps discovered:
D:1:      dpeg_arrival_refuge, layout_loops_cross, minmay_heptomino_l4
D:2:      layout_loops_ring, basic_ecumenical_altar,
          chequers_serial_rivers_room_a
D:3:      layout_rooms, serial_bayou, serial_bayou_lagoon_a,
          serial_bayou_pond_c, serial_bayou_pond_d, serial_bayou_crossing
D:4:      layout_rooms, minmay_temple_entry_poolview, guppyfry_shop_venom
D:5:      layout_rooms, mainiacjoe_overflow_catwalk, lemuel_round_altar,
          minmay_misc_feat_encased, uniq_prince_ribbit1, uniq_edmund,
          uniq_blork_the_orc
D:6:      minmay_recursive_quarters, layout_basic, nicolae_ru_path_of_blood,
          ebering_ghost_reflecting_pool
Temple:   nicolae_temple_no_exploring_needed

Skill      XL: |  1  2  3  4  5  6  7  8 |
---------------+-------------------------+-----
Earth Magic    | 4 5 6 8 9 |  9.4
Spellcasting   | 4 5 6 7 9 10 | 10.8
Stealth        | 3 |  3.2
Dodging        | |  2.4
Transmutations | |  1.2

Action                     |  1- 3 |  4- 6 |  7- 9 || total
---------------------------+-------+-------+-------++-------
  Melee: Unarmed           |       |       |     4 ||     4
   Cast: Sandblast         |    41 |    46 |    55 ||   142
 Armour: Robe              |       |     8 |     6 ||    14
         Skin              |       |       |     2 ||     2
  Dodge: Dodged            |     2 |    16 |    29 ||    47

Table legend: (Time is in decaauts)
 A = Elapsed time spent in this place.
 B = Non-inter-level travel time spent in this place.
 C = Inter-level travel time spent in this place.
 D = Time resting spent in this place.
 E = Time spent auto-exploring this place.
 F = Levels seen in this place.
 G = Mean time per level.
                   A        B        C        D        E       F      G
               +--------+--------+--------+--------+--------+-----+--------+
         Total |   4255 |   4111 |    144 |    208 |   3177 |   7 |  607.9 |
       Dungeon |   4235 |   4091 |    144 |    208 |   3177 |   6 |  705.8 |
        Temple |     19 |     19 |      0 |      0 |      0 |   1 |   19.0 |
               +--------+--------+--------+--------+--------+-----+--------+

Top non-repeatable levels by time:
     D:1: 827 daAuts
     D:2: 796 daAuts
     D:4: 726 daAuts
     D:5: 716 daAuts
     D:3: 668 daAuts
     D:6: 501 daAuts
  Temple: 19 daAuts
